 Dungeon Crawl Stone Soup version 0.29.0-10-g45618ea6d2 (webtiles) character file.

Game seed: 2465741023793546930

590 sanka the Grappler (level 7, -4/57 HPs)
             Began as a Purple Draconian Monk on Sept 1, 2022.
             Slain by an acid dragon (6 damage)
             ... on level 5 of the Dungeon.
             The game lasted 00:08:13 (4534 turns).

sanka the Grappler (Purple Draconian Monk)          Turns: 4534, Time: 00:08:14

Health: -4/57      AC:  2    Str: 14    XL:     7   Next: 16%
Magic:  7/7        EV: 12    Int: 12    God:
Gold:   157        SH:  0    Dex: 13    Spells: 6/6 levels left

rFire   . . .      SeeInvis .     - Unarmed
rCold   . . .      Faith    .   (no shield)
rNeg    . . .      Spirit   .   (body armour unavailable)
rPois   .          Reflect  .   (helmet restricted)
rElec   .          Harm     .   (no cloak)
rCorr   .          Rampage  .   (no gloves)
Will    .....                   (no boots)
Stlth   ++........              (no amulet)
HPRegen 0.19/turn               k - +4 ring of protection
MPRegen 0.10/turn               h - ring of flight

@: short of breath, weak-willed, corroded, flying
A: breathe power, AC +6, unfitting armour, cold-blooded
a: Breathe Dispelling Energy


You were on level 5 of the Dungeon.
You visited 1 branch of the dungeon, and saw 5 of its levels.

You collected 157 gold pieces.


Innate Abilities, Weirdness & Mutations

You can breathe bolts of dispelling energy.
Your rich purple scales are hard. (AC +6)
You cannot fit into any form of body armour.
You are cold-blooded and may be slowed by cold attacks.


   Skills:
 - Level 3.2 Fighting
 - Level 2.6 Dodging
 - Level 1.7 Stealth
 + Level 8.3 Unarmed Combat


You had 6 spell levels left.
You didn't know any spells.
Your spell library contained the following spells:

 Spells                   Type           Power      Damage    Failure   Level
 Slow                     Hex            0%         N/A       32%         1
 Confusing Touch          Hex            0%         N/A       69%         3
 Stone Arrow              Conj/Erth      0%         3d7       69%         3
 Vampiric Draining        Necr           0%         2d6       69%         3
 Blade Hands              Tmut           0%         N/A       100%        5
 Irradiate                Conj/Tmut      0%         3d11      100%        5
 Summon Forest            Summ/Tloc      0%         N/A       100%        5
 Eringya's Noxious Bog    Tmut/Pois      0%         N/A       100%        6
 Dragon Form              Tmut           0%         N/A       100%        7
 Summon Hydra             Summ           0%         N/A       100%        7
 Lehudib's Crystal Spear  Conj/Erth      0%         10d2      100%        8
 Animate Armour           Summ/Erth      Unusable   N/A       N/A         4

Inventory:

Jewellery
 h - a ring of flight (right hand)
 k - a +4 ring of protection (left hand)
Wands
 q - a wand of charming (10)
Scrolls
 f - a scroll of identify {@r1}
 i - a scroll of brand weapon
 l - 2 scrolls of noise {!r}
 p - a scroll of fog
Potions
 a - a potion of might {unknown}
 b - a potion of haste {@q3}
 g - a potion of attraction {!q}
 j - 2 potions of cancellation
 m - a potion of resistance {unknown}
 o - a potion of mutation {unknown}

Dungeon Overview and Level Annotations

Branches:
Dungeon (5/15)             Temple (0/1) D:5

Altars:
Fedhas

,,,,,,,,,,,,,,,,,,,,,,,,░░,,,,░░,
,,,,,,,,,,,,,,,,,,,,,,,░,░░,,░░,░
,,,,,,,,,,,,,,,,,,,,,,░,░,░,,░,░,
,,,,,,,,,,,,░░,░░░..,,░░,▒..,,░,░
,,,,,,,,,,<░░░,░ ░,.,░,▒▒...,,,░░
,,,,,,░░░░░░ ░,░ ▒,£░,▒D....,,,,,
,,,,,,,,,░ ░,░ ▒..▒▒......,,,,,
,,,,,,,░░░ ░,▒▒▒.▒........,,,,,
,,,,,,,░ ░,▒d▒,..£....,,,,,,,
░░░░░░,░░░░░░░,▒D▒▒+...▒░░░░░░░░,
░,,,,,,,,,▒.▒▒..▒░░ ░░
░░░░░░░░░░▒.▒▒.▒▒▒▒▒ ▒.▒▒.....▒
▒.▒▒▒▒▒▒.▒ ▒....▒ ▒.▒ ▒▒▒▒.▒ ▒.▒
▒...▒ ▒.▒


You could see an acid dragon (catching breath, weak-willed).


Message History

* * * LOW HITPOINT WARNING * * *
The acid corrodes you!
Use which ability? (? or * to list)
You can't do that yet.
Okay, then.
You hit the acid dragon but do no damage.
Your tail-slap misses the acid dragon.
The acid dragon is almost dead.
The acid dragon bites you!
* * * LOW HITPOINT WARNING * * *
The acid dragon barely misses you.
Unknown command.
As you read the scroll labelled SOOMYIXT OKEU, it crumbles to dust.
Magic quickly surges around you.
It was a scroll of vulnerability.
The acid dragon bites you.
* * * LOW HITPOINT WARNING * * *
The acid dragon barely misses you.
Unknown command.
As you read the scroll labelled UPNON QOHOU, it crumbles to dust.
You feel aware of your surroundings.
It was a scroll of magic mapping.
The acid dragon spits acid at you. The splash of acid misses you.
Unknown command.
As you read the scroll labelled YHORAFRAMIJ, it crumbles to dust.
It is a scroll of enchant armour.
You aren't carrying any armour which can be enchanted further.
The acid dragon bites you.
You die...

Action                   |  1- 3 |  4- 6 |  7- 9 || total
-------------------------+-------+-------+-------++-------
Melee: Unarmed           |   103 |   186 |    11 ||   300
       Tailslap          |    13 |    21 |     3 ||    37
       Punch             |     2 |     4 |     1 ||     7
 Abil: Breathe Dispellin |       |       |     2 ||     2
Evoke: Wand              |       |     2 |       ||     2
  Use: Potion            |       |     6 |       ||     6
       Scroll            |       |     5 |     3 ||     8
 Stab: Sleeping          |     5 |     4 |       ||     9
       Distracted        |     1 |       |       ||     1
Armor: Skin              |    33 |    46 |     5 ||    84
Dodge: Dodged            |    57 |    90 |    11 ||   158

Levels and vault maps discovered:
D:1:      shiori_arrival_elements, layout_loops_corners
D:2:      layout_basic, dreamdust_ecumenical_altar_drowned_temple
D:3:      layout_rooms, fedhas_altar_fruit_tree
D:4:      layout_basic, chequers_big_river, minmay_large_rounded_square
D:5:      kennysheep_kobold_camp, layout_basic,
          minmay_temple_entry_enclosed_plants, minmay_misc_feat_secret_circle

Notes
Turn   | Place    | Note
-------+----------+-------------------------------------------
     0 | D:1      | sanka the Draconian Monk began the quest for the Orb.
     0 | D:1      | Reached XP level 1. HP: 19/19 MP: 1/1
    86 | D:1      | Reached XP level 2. HP: 26/26 MP: 2/2
   331 | D:1      | Reached skill level 4 in Unarmed Combat
   679 | D:1      | Reached XP level 3. HP: 31/31 MP: 3/3
  1537 | D:2      | Reached XP level 4. HP: 38/38 MP: 4/4
  1608 | D:2      | Reached skill level 5 in Unarmed Combat
  1617 | D:2      | Found a faded altar of an unknown god.
  2207 | D:3      | Found a blossoming altar of Fedhas.
  2474 | D:4      | Noticed a scorpion
  2521 | D:3      | Killed a scorpion
  2522 | D:3      | Reached skill level 6 in Unarmed Combat
  2522 | D:3      | Reached XP level 5. HP: 26/45 MP: 5/5
  3293 | D:4      | Noticed an orc warrior
  3456 | D:4      | Identified the +5 quarterstaff of Gallantry {flame, rF+ rN+
                  | Will++ MP+9}
  3468 | D:4      | Reached XP level 6. HP: 28/51 MP: 6/6
  3477 | D:4      | Reached skill level 7 in Unarmed Combat
  3515 | D:4      | Killed an orc warrior
  3918 | D:4      | Noticed a wyvern
  3991 | D:5      | Entered Level 5 of the Dungeon
  4023 | D:5      | Noticed a water moccasin
  4041 | D:5      | Killed a water moccasin
  4042 | D:5      | Reached skill level 8 in Unarmed Combat
  4042 | D:5      | Your scales start taking on a rich purple colour.
  4042 | D:5      | Reached XP level 7. HP: 43/57 MP: 7/7
  4531 | D:5      | HP: 3/57 [acid dragon (9)]
  4532 | D:5      | HP: 1/57 [acid dragon (2)]
  4534 | D:5      | Slain by an acid dragon

Vanquished Creatures
  A water moccasin (D:5)
  An orc warrior (D:4)
  A scorpion (D:3)
  A gnoll bouda (D:3)
  9 gnolls
  6 adders
  5 dart slugs
  2 orcs (D:4)
  7 endoplasms
  4 giant cockroaches
  9 goblins
  6 hobgoblins
  6 kobolds
  5 quokkas
  10 ball pythons
  7 bats
  3 frilled lizards
  7 rats
  A spectral kobold (D:2)
91 creatures vanquished.

Vanquished Creatures (collateral kills)
  A scorpion (D:4)
  An orc wizard (D:4)
  An orc (D:4)
3 creatures vanquished.

Vanquished Creatures (others)
  An ice beast (D:5)
  3 plants
4 creatures vanquished.

Grand Total: 98 creatures vanquished
